 Dungeon Crawl Stone Soup version 0.21.1-1-g345015f (webtiles) character file.

54 inc the Twirler (level 4, 35/35 HPs)
             Began as a Formicid Fighter on June 19, 2018.
             Quit the game on level 2 of the Dungeon.
             The game lasted 00:01:03 (826 turns).

inc the Twirler (Formicid Fighter)                   Turns: 826, Time: 00:01:04

Health: 35/35      AC:  6    Str: 20    XL:     4   Next: 12%
Magic:  4/4        EV:  7    Int:  9    God:
Gold:   83         SH:  9    Dex: 10    Spells: 3/3 levels left

rFire    . . .     SeeInvis +   a - +0 quarterstaff
rCold    . . .     Gourm    .   c - +0 shield
rNeg     . . .     Faith    .   b - +0 scale mail
rPois    .         Spirit   .   (helmet unavailable)
rElec    .         Reflect  .   (no cloak)
rCorr    .         Harm     .   (no gloves)
MR       .....                  (no boots)
Stlth    ..........             (no amulet)
HPRegen  0.11/turn              (no ring)
MPRegen  0.09/turn              (no ring)

@: no status effects
A: permanent stasis, dig shafts and tunnels, four strong arms, antennae 3
a: Dig, Shaft Self


You were on level 2 of the Dungeon.
You were not hungry.

You visited 1 branch of the dungeon, and saw 2 of its levels.

You collected 83 gold pieces.

Inventory:

Hand Weapons
 a - a +0 quarterstaff (weapon)
Armour
 b - a +0 scale mail (worn)
 c - a +0 shield (worn)
Jewellery
 j - a cursed ring of loudness {unknown}
Scrolls
 g - 4 scrolls of teleportation {unknown}
 h - a scroll of amnesia {unknown}
 i - 3 scrolls of identify {unknown}
 l - a scroll of immolation {unknown}
Potions
 d - a potion of might
 e - a potion of degeneration {unknown}
 k - 2 potions of lignification {unknown}
Comestibles
 f - 2 rations


   Skills:
 - Level 3.2 Fighting
 + Level 4.1 Staves
 - Level 3.2 Armour
 - Level 3.6 Shields


You had 3 spell levels left.
You didn't know any spells.

Dungeon Overview and Level Annotations

Branches:
Dungeon (2/15)

Altars:
Dithmenos
Ru
Sif Muna


Innate Abilities, Weirdness & Mutations

You cannot be hasted, slowed, berserked, paralysed or teleported.
You can dig through walls and to a lower floor.
Your four strong arms can wield two-handed weapons with a shield.
You have a pair of large antennae on your head. (SInv)


Message History

You hit the hobgoblin.
The hobgoblin is almost dead.
The hobgoblin completely misses you.
You sock the hobgoblin!
You kill the hobgoblin!
No target in view!
No target in view!
No target in view!
No target in view!
No target in view!
Things that are here:
a whip; a kobold corpse You see here a club.
You open the door.
Found three altars.
Found a leather armour.
Search for what [? for help]? alt
Okay, then.
Okay, then.
Are you sure you want to abandon this character and quit the game? (Confirm with "yes".)

......#..........##§.≈##..##
..................##§##..##
...........>............##
......#####.##........###
.............#........#
.####........#........#
.#####.......#........#
.............#...######
#########.#.##..@########
'....## #.#.............[
####..###.#.######.######
..........#.# +#
..........#.# ..........#..
.......##.#.#
.....#+##.#.#####
.................


There were no monsters in sight!

Vanquished Creatures
  An adder (D:2)
  2 oozes (D:1)
  5 dart slugs (D:1)
  4 bats
  2 giant cockroaches
  A goblin (D:1)
  3 hobgoblins
  5 kobolds
  A frilled lizard (D:2)
  5 rats
29 creatures vanquished.

Notes
Turn   | Place    | Note
-------+----------+-------------------------------------------
     0 | D:1      | inc the Formicid Fighter began the quest for the Orb.
     0 | D:1      | Reached XP level 1. HP: 18/18 MP: 1/1
    82 | D:1      | Reached XP level 2. HP: 24/24 MP: 2/2
   156 | D:1      | Reached skill level 3 in Staves
   181 | D:1      | Reached XP level 3. HP: 27/29 MP: 3/3
   678 | D:2      | Reached skill level 4 in Staves
   678 | D:2      | Reached XP level 4. HP: 32/35 MP: 4/4
   817 | D:2      | Found a shadowy altar of Dithmenos.
   817 | D:2      | Found a deep blue altar of Sif Muna.
   817 | D:2      | Found a sacrificial altar of Ru.
   826 | D:2      | Quit the game

Skill      XL: |  1  2  3 |
---------------+----------+-----
Staves         | 3 4 |  4.1
Fighting       | |  3.2
Armour         | |  3.2
Shields        | |  3.6

Action                   |  1- 3 |  4- 6 || total
-------------------------+-------+-------++-------
Melee: Quarterstaff      |    66 |    10 ||    76
Armor: Scale mail        |    35 |     2 ||    37
Dodge: Dodged            |    18 |     3 ||    21
Block: Shield            |    23 |     1 ||    24
